 Dungeon Crawl Stone Soup version 0.30.1 (webtiles) character file.

Game seed: 12557651042404393177

1467 Graphine the Skirmisher (level 9, -1/54 HPs)
             Began as a Kobold Hunter on July 9, 2023.
             Was a Believer of the Shining One.
             Shot with a bolt by an orc warrior (20 damage)
             ... on level 6 of the Dungeon.
             The game lasted 00:08:44 (3948 turns).

Graphine the Skirmisher (Kobold Hunter)             Turns: 3948, Time: 00:08:44

Health: -1/54      AC:  8    Str:  8    XL:     9   Next: 6%
Magic:  9/12       EV: 20    Int: 11    God:    the Shining One [**....]
Gold:   283        SH:  7    Dex: 22    Spells: 8/8 levels left

rFire   . . .        a - +1 shortbow (flame)
rCold   . . .        (shield currently unavailable)
rNeg    + . .        e - +1 ring mail {rPois}
rPois   +            (no helmet)
rElec   .            s - +0 cloak {Will+}
rCorr   .            (no gloves)
SInv    .            m - +0 pair of boots
Will    +....        (no amulet)
Stlth   +            g - +5 ring of evasion
HPRegen 0.29/turn    (no ring)
MPRegen 0.13/turn

%: no passive effects
@: divinely shielded, glowing
A: small, no large weapons, nightstalker 3
a: Renounce Religion, Divine Shield


You were on level 6 of the Dungeon.
You worshipped the Shining One.
The Shining One was pleased with you.
You visited 1 branch of the dungeon, and saw 6 of its levels.

You collected 283 gold pieces.

Inventory:

Hand Weapons
 a - a +1 shortbow of flaming (weapon)
Missiles
 c - 4 datura-tipped darts
Armour
 e - a +1 ring mail of poison resistance (worn)
 m - a +0 pair of boots (worn)
 s - a +0 cloak of willpower (worn)
Jewellery
 g - a +5 ring of evasion (left hand)
Wands
 n - a wand of mindburst (14)
 v - a wand of flame (1)
Scrolls
 b - 2 scrolls of immolation
 d - a scroll of blinking
 q - a scroll of teleportation
 r - a scroll of brand weapon
Potions
 f - a potion of flight
 h - 2 potions of might
 i - 3 potions of curing {unknown}
 j - a potion of heal wounds
 k - 2 potions of attraction {unknown}
 l - a potion of ambrosia {unknown}
 o - 2 potions of lignification
 p - a potion of degeneration {unknown}


   Skills:
 + Level 5.3 Fighting
 * Level 10.1 Ranged Weapons
 - Level 2.0 Armour
 + Level 5.9 Dodging
 - Level 1.6 Stealth
 + Level 4.4 Invocations


You had 8 spell levels left.
You didn't know any spells.
Your spell library contained the following spells:

 Spells                   Type           Power      Damage    Failure   Level
 Apportation              Tloc           0%         N/A       71%         1
 Kiss of Death            Conj/Necr      0%         2d5       71%         1
 Necrotise                Necr           0%         1d4       71%         1
 Summon Small Mammal      Summ           0%         N/A       71%         1
 Confusing Touch          Hex            0%         N/A       97%         3
 Ignite Poison            Fire/Tmut/Pois 0%         N/A       97%         3
 Dispel Undead            Necr           0%         3d6       100%        4
 Sticky Flame             Conj/Fire      0%         2d3       100%        4
 Ignition                 Fire           0%         3d3       100%        8


Dungeon Overview and Level Annotations

Branches:
Dungeon (6/15)
 Temple: D:4-7

Altars:
Elyvilon
Kikubaaqudgha
Makhleb
Nemelex Xobeh
Vehumet
Xom
Yredelemnul
The Shining One


Innate Abilities, Weirdness & Mutations

You are small and have problems with some larger weapons.
You are completely attuned to the shadows.


Message History

The orc warrior wields a +0 arbalest.
The orc warrior shoots a bolt.
The bolt hits you!
You shoot an arrow. The arrow hits the orc warrior.
The arrow burns the orc warrior.
The orc warrior is moderately wounded.
The orc warrior shoots a bolt.
The bolt hits you!
You are too injured to fight recklessly!
Fire: a) +1 shortbow (flame)
Press: ? - help, Q - select action, (/) - cycle Shift-Dir - straight line, f/p - orc warrior
Aim: an orc warrior, wielding a +0 arbalest and wearing a +0 chain mail (moderately wounded, 68% to hit)
You shoot an arrow. The arrow hits the orc!
The arrow burns the orc.
You kill the orc!
You hear a shout!
An orc wizard comes into view. It is wielding a +0 dagger.
The orc warrior shoots a bolt.
The bolt barely misses you.
Fire: a) +1 shortbow (flame)
Press: ? - help, Q - select action, (/) - cycle Shift-Dir - straight line, f/p - orc warrior
Aim: an orc warrior, wielding a +0 arbalest and wearing a +0 chain mail (moderately wounded, 68% to hit)
You shoot an arrow.
The arrow hits the orc warrior but does no damage.
The orc warrior is moderately wounded.
The orc warrior shoots a bolt.
The bolt hits you! A divine shield forms around you!
The orc wizard gestures at you while chanting.
The magic dart hits you but does no damage.
Fire: a) +1 shortbow (flame)
Press: ? - help, Q - select action, (/) - cycle Shift-Dir - straight line, f - orc wizard
Aim: an orc wizard, wielding a +0 dagger and wearing a +0 robe (65% to hit)
You shoot an arrow.
The arrow closely misses the orc wizard.
Unknown command.
Fire: a) +1 shortbow (flame)
Press: ? - help, Q - select action, (/) - cycle Shift-Dir - straight line, f - orc warrior, p - orc wizard
Aim: an orc warrior, wielding a +0 arbalest and wearing a +0 chain mail (lightly wounded, 68% to hit)
You shoot an arrow.
The arrow closely misses the orc wizard.
The arrow hits the orc warrior!
The arrow burns the orc warrior.
The orc warrior is severely wounded.
The orc warrior shoots a bolt.
The bolt hits you!!
You die...

...# ..# #.# #.
.... ##.###.. .....
##...#... .....
##..#.†...
.....##..##.....
#..#o@###......
##..###(......
##..###.<......
..###o####.........
...?.## ...........
....).# ....†.....
......# .#+#.....
......) ......o.


You could see an orc warrior and an orc wizard.

Vanquished Creatures
  The ghost of shamsi the Covered, a novice FoFi of Fedhas (D:5)
  An ice beast (D:5)
  2 phantoms (D:5)
  4 scorpions
  2 water moccasin skeletons (D:5)
  A crimson imp (D:5)
  A hound (D:5)
  A bullfrog skeleton (D:5)
  An orc priest (D:4)
  Crazy Yiuf (D:4)
  Jessica (D:3)
  3 iguanas
  An orc wizard (D:5)
  4 gnolls (D:5)
  8 adders
  3 dart slugs
  10 orcs
  2 ball pythons
  7 bats
  An endoplasm (D:4)
  2 giant cockroaches
  7 goblins
  6 hobgoblins
  6 jackals
  3 quokkas
  8 frilled lizards
  5 kobolds
  7 rats
99 creatures vanquished.

Vanquished Creatures (others)
  A human (D:3)
1 creature vanquished.

Grand Total: 100 creatures vanquished

Notes
Turn   | Place    | Note
-------+----------+-------------------------------------------
     0 | D:1      | Graphine the Kobold Hunter began the quest for the Orb.
     0 | D:1      | Reached XP level 1. HP: 12/12 MP: 1/1
   251 | D:1      | Reached XP level 2. HP: 18/18 MP: 2/2
   524 | D:1      | Reached XP level 3. HP: 22/22 MP: 3/3
  1237 | D:2      | Found a faded altar of an unknown god.
  1241 | D:2      | Prayed at the altar of an unknown god.
  1241 | D:2      | Became a worshipper of the Shining One
  1241 | D:2      | Reached * piety under the Shining One
  1594 | D:3      | Reached skill level 6 in Ranged Weapons
  1837 | D:3      | Reached XP level 4. HP: 27/27 MP: 4/4
  1952 | D:3      | Noticed Jessica
  1958 | D:3      | Killed Jessica
  1994 | D:3      | Reached skill level 1 in Invocations
  2203 | D:3      | Found an ancient bone altar of Kikubaaqudgha.
  2205 | D:3      | Noticed a human
  2208 | D:3      | Killed a human
  2425 | D:4      | Reached XP level 5. HP: 32/32 MP: 5/5
  2492 | D:4      | Reached skill level 1 in Armour
  2792 | D:4      | Found a runed translucent door.
  2795 | D:4      | Noticed Crazy Yiuf
  2801 | D:4      | Killed Crazy Yiuf
  2802 | D:4      | Reached skill level 7 in Ranged Weapons
  2802 | D:4      | Reached XP level 6. HP: 25/37 MP: 2/7
  2985 | D:5      | Entered Level 5 of the Dungeon
  3049 | D:5      | Found a transporter.
  3051 | D:5      | Noticed shamsi's ghost (novice FoFi)
  3099 | D:5      | Reached ** piety under the Shining One
  3106 | D:5      | Reached XP level 7. HP: 40/42 MP: 8/8
  3133 | D:5      | Reached skill level 8 in Ranged Weapons
  3203 | D:5      | Found a transporter.
  3235 | D:5      | Found a sparkling altar of Nemelex Xobeh.
  3253 | D:5      | Found a shimmering altar of Xom.
  3383 | D:5      | Found a white marble altar of Elyvilon.
  3557 | D:5      | Reached XP level 8. HP: 48/48 MP: 10/10
  3602 | D:5      | Found a basalt altar of Yredelemnul.
  3667 | D:5      | Found a burning altar of Makhleb.
  3667 | D:5      | Found a radiant altar of Vehumet.
  3713 | D:5      | Reached skill level 5 in Dodging
  3717 | D:5      | Reached skill level 9 in Ranged Weapons
  3726 | D:5      | Killed shamsi's ghost
  3727 | D:5      | Reached skill level 5 in Fighting
  3727 | D:5      | Reached skill level 10 in Ranged Weapons
  3899 | D:6      | Reached XP level 9. HP: 50/54 MP: 12/12
  3948 | D:6      | Shot with a bolt by an orc warrior

Illustrated notes

Levels and vault maps discovered:
D:1:      dpeg_arrival_short_road, layout_basic, minmay_unequal
D:2:      layout_loops_ring, nicolae_ecumenical_lake_church
D:3:      layout_basic, tgw_kikubaaqudgha, uniq_jessica
D:4:      layout_rooms, uniq_crazy_yiuf_cottage
D:5:      layout_rooms, grunt_temple_overflow_lords_of_destruction,
          mainiacjoe_overflow_paths, mainiacjoe_overflow_surrounded_room,
          mainiacjoe_overflow_divided_tiny, gammafunk_ghost_mausoleum
D:6:      layout_cave_pods, kennysheep_mini_moat, trog_book, minmay_bent

Skill      XL: |  1  2  3  4  5  6  7  8 |
---------------+-------------------------+-----
Dodging        | 3 4 5 |  5.9
Ranged Weapons | 6 7 8 10 | 10.1
Invocations    | 1 2 3 4 |  4.4
Fighting       | 3 4 5 |  5.3
Armour         | 1 2 |  2.0
Stealth        | |  1.6

Action                     |  1- 3 |  4- 6 |  7- 9 || total
---------------------------+-------+-------+-------++-------
   Fire: Shortbow          |    88 |   106 |   100 ||   294
 Invoke: Divine Shield     |       |       |     2 ||     2
    Use: Scroll            |     3 |     7 |     2 ||    12
         Potion            |       |       |     1 ||     1
 Armour: Leather armour    |     8 |       |       ||     8
         Ring mail         |     2 |     8 |     7 ||    17
         Skin              |       |       |    20 ||    20
  Dodge: Dodged            |    37 |    56 |    45 ||   138
  Block: Other             |       |       |    12 ||    12
